 Dungeon Crawl Stone Soup version 0.31-a0-188-g5e087ee2ca (webtiles) character file.

Game seed: 4997331555701762013

114 qw the Skirmisher (level 4, 0/25 HPs)
             Began as a Deep Elf Hunter on June 23, 2023.
             Slain by a hobgoblin (3 damage)
             ... led by Robin
             ... on level 3 of the Dungeon.
             The game lasted 00:00:41 (1652 turns).

qw the Skirmisher (Deep Elf Hunter)                 Turns: 1652, Time: 00:00:41

Health: 0/25       AC:  6    Str: 10    XL:     4   Next: 67%
Magic:  6/6        EV: 11    Int: 14    God:
Gold:   118        SH:  0    Dex: 18    Spells: 3/3 levels left

rFire   . . .        Y - +1 shortbow
rCold   . . .        (shield currently unavailable)
rNeg    . . .        e - +0 ring mail
rPois   .            i - +0 helmet
rElec   .            (no cloak)
rCorr   .            (no gloves)
SInv    .            (no boots)
Will    .....        (no amulet)
Stlth   +            (no ring)
HPRegen 0.24/turn    (no ring)
MPRegen 0.10/turn

%: no passive effects
@: lethally poisoned (0 -> -6)
A: no striking features
a: no special abilities


You were on level 3 of the Dungeon.
You visited 1 branch of the dungeon, and saw 3 of its levels.

You collected 118 gold pieces.


   Skills:
 - Level 1.5 Fighting
 + Level 8.1 Ranged Weapons
 - Level 2.4 Dodging
 - Level 1.2 Stealth


You had 3 spell levels left.
You didn't know any spells.
Your spell library was empty.

Inventory:

Hand Weapons
 Y - a +1 shortbow (weapon)
Armour
 e - a +0 ring mail (worn)
 i - a +0 helmet (worn)
Jewellery
 l - a ring of fire
Scrolls
 f - a scroll of identify
Potions
 a - a potion of degeneration {unknown}
 d - a potion of magic {unknown}
 g - a potion of curing
 h - a potion of enlightenment {unknown}
 k - a potion of heal wounds {unknown}
 m - a potion of brilliance {unknown}
 o - a potion of mutation {unknown}

Dungeon Overview and Level Annotations

Branches:
Dungeon (3/15)

Altars:


Message History

Robin hits you with a +0 club.
You shoot an arrow.
The arrow hits Robin but does no damage.
Robin is lightly wounded.
Robin roars a battlecry!
The goblins go into a battle-frenzy!
You shoot an arrow. The arrow barely misses Robin.
Robin throws the goblin at you!
You shoot an arrow. The arrow hits Robin.
Robin is heavily wounded.
The goblin barely misses you.
Robin zaps a wand.
The puff of flame hits you.
The hobgoblin hits you but does no damage.
A goblin comes into view. It is wielding a +0 club.
You shoot an arrow. The arrow hits Robin!
You kill Robin!
A goblin comes into view. It is wielding a +0 dagger.
The goblin closely misses you. The hobgoblin completely misses you.
The goblin hits you but does no damage. The kobold hits you but does no damage.
The hobgoblin closely misses you.
Your Ranged Weapons skill increases to level 8!
You shoot an arrow. The arrow barely misses the kobold.
The goblin closely misses you. The hobgoblin misses you.
The kobold hits you but does no damage.
You shoot an arrow. The arrow barely misses the kobold.
The arrow hits the hobgoblin but does no damage.
The goblin hits you but does no damage. The goblin barely misses you.
The hobgoblin closely misses you.
The kobold hits you with a +0 short sword.
You shoot an arrow. The arrow hits the kobold.
You kill the kobold!
The goblin hits you with a +0 dagger. The goblin closely misses you.
The hobgoblin hits you. The goblin hits you but does no damage.
You shoot an arrow. The arrow closely misses the hobgoblin.
The hobgoblin barely misses you. The goblin hits you with a +0 dagger.
The goblin hits you with a +0 dagger of venom.
You are lethally poisoned!
The hobgoblin hits you. The goblin barely misses you.
You shoot an arrow. The arrow barely misses the hobgoblin.
You feel sick. The hobgoblin hits you.
You die...

#........###.)..#
..##.#..## #....###
####..#...##......#
##.###.........#
#..# ###......#
##.##
#......######. #..#
#.....)%))ggKg ##.#
##...ggg# #.#
#....g@.#
#.###.....g.#
#.##..###...#####.#
####.##.##
#.........#
#.......#
#........##
.....##.####
#........#
.####..%....#
#.###(##.#
#.......# #.##..# #
#.......# #....##


You could see 2 hobgoblins and 3 goblins.

Vanquished Creatures
  Terence (D:2)
  Robin (D:3)
  2 adders (D:2)
  A worm (D:2)
  An orc (D:3)
  4 ball pythons
  5 bats
  3 endoplasms
  3 giant cockroaches
  9 goblins
  10 hobgoblins
  3 kobolds
  2 quokkas (D:2)
  5 frilled lizards
  9 rats
59 creatures vanquished.

Notes
Turn   | Place    | Note
-------+----------+-------------------------------------------
     0 | D:1      | qw the Deep Elf Hunter began the quest for the Orb.
     0 | D:1      | Reached XP level 1. HP: 12/12 MP: 3/3
     0 | D:1      | 0 ||| qw: Version: 0.3-a-9-g12657ce
     0 | D:1      | 0 ||| qw: Game counter: 4132
     0 | D:1      | 0 ||| qw: Always use a shield: true
     0 | D:1      | 0 ||| qw: God list: Okawaru
     0 | D:1      | 0 ||| qw: Allow faded altars: false
     0 | D:1      | 0 ||| qw: Do Orc after D:15 true
     0 | D:1      | 0 ||| qw: Do second Lair branch before Depths: true
     0 | D:1      | 0 ||| qw: Lair rune preference: random
     0 | D:1      | 0 ||| qw: Plans: Normal
     0 | D:1      | 0 ||| PLANNING D:1-11
   269 | D:1      | Reached skill level 6 in Ranged Weapons
   269 | D:1      | Reached XP level 2. HP: 16/16 MP: 4/4
   583 | D:1      | 583 ||| READING scroll labelled XAXOILA ZIMNE.
   615 | D:1      | 615 ||| READING 2 scrolls labelled ZAAPNO SAMUYTI.
   616 | D:1      | 616 ||| READING scroll labelled VISUGAHESI.
   617 | D:1      | 617 ||| DROPPING scroll of butterflies.
   694 | D:2      | Noticed Terence
   707 | D:2      | Killed Terence
   708 | D:2      | Reached skill level 7 in Ranged Weapons
   708 | D:2      | Reached XP level 3. HP: 7/20 MP: 5/5
  1027 | D:2      | Reached XP level 4. HP: 25/25 MP: 6/6
  1408 | D:2      | 1408 ||| UPGRADING to +0 ring mail.
  1418 | D:2      | 1418 ||| DROPPING +0 leather armour.
  1419 | D:2      | 1419 ||| UPGRADING to +0 helmet.
  1424 | D:2      | 1424 ||| READING scroll labelled WEODUL FUCZOMO.
  1425 | D:2      | 1425 ||| READING scroll labelled JIBAMUOLERR.
  1426 | D:2      | 1426 ||| READING 2 scrolls labelled GEOJUE AXEISCHE.
  1431 | D:2      | 1431 ||| READING scroll labelled KITZIAGHEDD.
  1455 | D:3      | Noticed a phantom
  1458 | D:3      | 1458 ||| STAIRDANCE
  1478 | D:3      | HP: 5/25 [phantom (3)]
  1479 | D:3      | 1479 ||| READING scroll of teleportation.
  1480 | D:3      | HP: 1/25 [hobgoblin (4)]
  1629 | D:3      | Noticed Robin
  1637 | D:3      | 1637 ||| Stepping ~*~*~tactically~*~*~ (outnumbered).
  1639 | D:3      | 1639 ||| Stepping ~*~*~tactically~*~*~ (outnumbered).
  1647 | D:3      | Killed Robin
  1648 | D:3      | Reached skill level 8 in Ranged Weapons
  1651 | D:3      | HP: 4/25 [hobgoblin[Robin] (3)]
  1652 | D:3      | Slain by a hobgoblin

Levels and vault maps discovered:
D:1:      dpeg_arrival_morbid_curiosity, layout_basic
D:2:      layout_loops_ring, chequers_serial_rivers_large_b, minivault_24,
          grunt_ministairs_1, minmay_box_of_dots, uniq_terence
D:3:      layout_rooms, shapermc_ecumenical_altar_mp_urbaneastern,
          hangedman_decor_push, uniq_sigmund, uniq_ijyb, uniq_robin

Skill      XL: |  1  2  3  4 |
---------------+-------------+-----
Ranged Weapons | 6 7 8 |  8.1
Fighting       | |  1.5
Dodging        | |  2.4
Stealth        | |  1.2

Action                     |  1- 3 |  4- 6 || total
---------------------------+-------+-------++-------
   Fire: Shortbow          |    76 |    74 ||   150
    Use: Scroll            |     3 |     5 ||     8
 Armour: Leather armour    |     4 |     2 ||     6
         Ring mail         |       |    16 ||    16
  Dodge: Dodged            |    14 |    31 ||    45

Table legend:
 A = Non-vault XP
 B = Vault XP
 C = Vault XP percentage of total XP
 D = Non-vault monster count
 E = Vault monster count
 F = Vault count percentage of total count
                 A         B        C        D         E       F
            +---------+---------+-------+---------+---------+-------
      Total |      90 |      74 |  45.1 |      41 |      18 |  30.5
            +---------+---------+-------+---------+---------+-------
        D:1 |      25 |       8 |  24.2 |      16 |       5 |  23.8
        D:2 |      58 |      40 |  40.8 |      21 |       6 |  22.2
        D:3 |       7 |      26 |  78.8 |       4 |       7 |  63.6
            +---------+---------+-------+---------+---------+-------
